WCHLSIM.com - West Coast Hockey League
html PUBLIC "-//W3C//DTD XHTML 1.0 Transitional//EN" "http://www.w3.org/TR/xhtml1/DTD/xhtml1-transitional.dtd"> WCHL - Game 380 - REGINA FALCONS vs SALEM BLACK JAYS

REGINA FALCONS vs SALEM BLACK JAYS

Created - 7 janvier 2021 at 21:33

Goals
1 2 3 T
REGINA FALCONS 0 1 0 1
SALEM BLACK JAYS 0 2 1 3
Shots
1 2 3 T
REGINA FALCONS 11 10 10 31
SALEM BLACK JAYS 9 12 7 28

1st period

No Goal

Penalties :
Corey Perry (REG) for Holding (Minor) at 7:44

2nd period

1. SALEM BLACK JAYS , Mikko Rantanen 16 (Dylan Larkin 16) at 12:43
2. SALEM BLACK JAYS , Mathew Barzal 17 (Mitchell Marner 14) at 17:04
3. REGINA FALCONS , Marc-Edouard Vlasic 3 (Derick Brassard 8, Brenden Dillon 4) at 18:28

Penalties :
No Penalty

3rd period

4. SALEM BLACK JAYS , Josh Leivo 4 (Mathew Barzal 20, Mikko Rantanen 17) at 9:58 (PP)

Penalties :
Marc-Edouard Vlasic (REG) for Slashing (Minor) at 3:47, Corey Perry (REG) for Interference (Minor) at 9:39, Scott Mayfield (SAL) for Unsportsmanlike conduct (Minor) at 14:26, Anton Stralman (REG) for Cross-checking (Minor) at 18:40

Goalie Stats

Anton Khudobin (REG), 25 saves from 28 shots - (0,893), L, 6-3-2, 60:00 minutes
Juuse Saros (SAL), 30 saves from 31 shots - (0,968), W, 5-2-1, 60:00 minutes

Players Stats for REGINA FALCONS

Player Name              G  A  P  +/- PIM S  H  SB GA TA FO     MP     PP MP  PK MP  
------------------------------------------------------------------------------------
Anton Stralman           0  0  0  -1  2   0  1  0  0  0  0/0    19:38   0:56   1:15 
Brandon Carlo            0  0  0   0  0   0  5  0  0  0  0/0    21:59   1:03   2:54 
Brenden Dillon           0  1  1   0  0   1  6  1  0  0  0/0    19:37   0:00   2:42 
Brent Burns              0  0  0   0  0   0  0  0  0  0  0/0    21:59   1:03   2:54 
Christoffer Ehn          0  0  0   0  0   0  0  0  0  0  2/4     2:56   0:00   0:00 
Corey Perry              0  0  0   0  4   1  0  0  0  0  0/1    13:23   0:00   0:00 
David Pastrnak           0  0  0   0  0   7  0  0  0  0  0/1    19:03   1:03   0:00 
Denis Malgin             0  0  0   0  0   1  1  0  0  0  0/0    16:47   0:00   3:22 
Derick Brassard          0  1  1   0  0   2  0  0  0  0  16/21  16:21   0:00   0:00 
Erik Gustafsson          0  0  0   0  0   0  0  0  0  0  0/0     0:00   0:00   0:00 
Ivan Provorov            0  0  0  -1  0   2  2  2  0  0  0/0    18:24   0:56   0:00 
Jonathan Audy-Marchessau 0  0  0  -1  0   2  0  0  0  0  0/2    19:00   0:56   0:00 
Jonathan Miller          0  0  0   0  0   5  0  0  0  0  0/1    19:03   1:03   0:00 
Marc-Edouard Vlasic      1  0  1   0  2   1  0  1  0  0  0/0    18:21   0:00   1:27 
Matt Martin              0  0  0   0  0   1  0  0  0  0  0/0     5:10   0:00   2:14 
Max Pacioretty           0  0  0  -1  0   4  1  1  0  0  1/2    19:00   0:56   0:00 
Mikael Backlund          0  0  0   0  0   1  0  0  0  0  13/20  21:17   1:03   2:14 
Ryan Getzlaf             0  0  0  -1  0   3  2  0  0  0  17/24  22:22   0:56   3:22 

Players Stats for SALEM BLACK JAYS

Player Name              G  A  P  +/- PIM S  H  SB GA TA FO     MP     PP MP  PK MP  
------------------------------------------------------------------------------------
Andreas Athanasiou       0  0  0   0  0   0  0  0  0  0  0/1    15:15   2:22   0:28 
Andy Greene              0  0  0   0  0   1  0  2  0  0  0/0    17:11   0:00   0:28 
Casey Cizikas            0  0  0   0  0   0  4  0  0  0  2/9    13:56   0:00   1:31 
Cody Ceci                0  0  0   1  0   0  0  0  0  0  0/0    16:29   0:00   1:31 
Dylan Larkin             0  1  1   1  0   7  0  3  0  0  14/19  18:16   2:22   0:00 
Filip Chytil             0  0  0   0  0   1  0  0  0  0  4/10    6:35   0:00   0:28 
Josh Leivo               1  0  1   0  0   2  1  0  0  0  0/0    21:37   3:14   0:00 
Martin Necas             0  0  0   0  0   1  0  0  0  0  0/0    12:25   0:00   0:00 
Mathew Barzal            1  1  2   0  0   2  0  1  0  0  5/31   22:01   3:14   0:00 
Matthew Calvert          0  0  0   1  0   0  1  0  0  0  0/1    16:02   0:00   0:08 
Matthew Highmore         0  0  0   0  0   0  1  0  0  0  1/1     7:06   0:00   1:23 
Michal Kempny            0  0  0   0  0   0  1  0  0  0  0/0    23:20   2:32   0:28 
Mikko Rantanen           1  1  2   1  0   6  1  0  0  0  1/3    19:08   3:14   0:00 
Mitchell Marner          0  1  1   0  0   6  1  0  0  0  0/1    20:45   2:22   0:00 
Nick Jensen              0  0  0   0  0   0  2  1  0  0  0/0    19:47   3:04   0:00 
Par Lindholm             0  0  0   0  0   1  1  0  0  0  0/0     5:43   0:00   0:00 
Scott Mayfield           0  0  0   0  2   1  0  2  0  0  0/0    23:23   3:04   0:00 
Travis Dermott           0  0  0   1  0   0  2  0  0  0  0/0    19:01   2:32   1:31 

3 Stars

1 - Juuse Saros (SAL)
2 - Mikko Rantanen (SAL)
3 - Mathew Barzal (SAL)

Power Play

REGINA FALCONS - 0 on 1 Attempt(s) - 0,00%
SALEM BLACK JAYS - 1 on 4 Attempt(s) - 25,00%

Penalty Kill

REGINA FALCONS - 3 on 4 Attempt(s) - 75,00% - Score 0 goal in Penalty Kill
SALEM BLACK JAYS - 1 on 1 Attempt(s) - 100,00% - Score 0 goal in Penalty Kill

Team Stat

REGINA FALCONS - Hits : 18 - Faceoff Wins : 49 - Blocked Shots : 5 - Penalty Minutes : 8
SALEM BLACK JAYS - Hits : 15 - Faceoff Wins : 27 - Blocked Shots : 9 - Penalty Minutes : 2

Official

Referees : Kyle Rehman and Andrew Wilk
Linesman : Kelsey Mahoney and Brandon Gawryletz

Game Notes

No Game Note

Finance

Level 1 -- Attendance: 4581 (76,35%) -- Ticket Income 751 284 $
Level 2 -- Attendance: 5000 (100,00%) -- Ticket Income 505 000 $
Level 3 -- Attendance: 1726 (86,30%) -- Ticket Income 153 614 $
Level 4 -- Attendance: 3511 (87,78%) -- Ticket Income 224 704 $
Luxury Box -- Attendance: 1000 (100,00%) -- Ticket Income 276 000 $
Game was played at the Demon Arena.
Total Attendance: 15818 (87,88%)
Total Ticket Income: 1 910 602 $
Other Income: 477 650 $
Total Income: 2 388 252 $

REGINA FALCONS

5 vs 5 Forward 
   Center                   Left Wing                Right Wing               Time % Phy DF OF 
 1 Mikael Backlund          Jonathan Miller          David Pastrnak           34     0   2  3  
 2 Ryan Getzlaf             Max Pacioretty           Jonathan Audy-Marchessaul33     0   2  3  
 3 Derick Brassard          Denis Malgin             Corey Perry              27     1   2  2  
 4 Christoffer Ehn          Matt Martin              Derick Brassard          6      1   3  1  

5 vs 5 Defense 
   Defense                  Defense                                           Time % Phy DF OF 
 1 Brent Burns              Brandon Carlo                                     35     1   2  2  
 2 Ivan Provorov            Anton Stralman                                    33     1   2  2  
 3 Marc-Edouard Vlasic      Brenden Dillon                                    26     1   2  2  
 4 Marc-Edouard Vlasic      Brenden Dillon                                    6      1   2  2  

PowerPlay Forward 
   Center                   Left Wing                Right Wing               Time % Phy DF OF 
 1 Mikael Backlund          Jonathan Miller          David Pastrnak           55     1   0  4  
 2 Ryan Getzlaf             Max Pacioretty           Jonathan Audy-Marchessaul45     1   0  4  

PowerPlay Defense
   Defense                  Defense                                           Time % Phy DF OF 
 1 Brent Burns              Brandon Carlo                                     55     0   1  4  
 2 Ivan Provorov            Anton Stralman                                    45     0   1  4  

Penalty Kill 4 Players Forward 
   Center                   Wing                     Time % Phy DF OF 
 1 Ryan Getzlaf             Denis Malgin             55     1   3  1  
 2 Mikael Backlund          Matt Martin              45     1   3  1  

Penalty Kill 4 Players Defense
   Defense                  Defense                  Time % Phy DF OF 
 1 Brent Burns              Brandon Carlo            55     0   4  1  
 2 Marc-Edouard Vlasic      Brenden Dillon           45     0   4  1  

Penalty Kill - 3 Players Forward 
   Forward                                           Time % Phy DF OF 
 1 Mikael Backlund                                   55     0   5  0  
 2 Ryan Getzlaf                                      45     0   5  0  

Penalty Kill - 3 Players Defense
   Defense                  Defense                  Time % Phy DF OF 
 1 Ivan Provorov            Anton Stralman           55     0   5  0  
 2 Marc-Edouard Vlasic      Brenden Dillon           45     0   5  0  

4 vs 4 Forward 
   Center                   Wing                     Time % Phy DF OF 
 1 Mikael Backlund          Jonathan Miller          55     1   2  2  
 2 Ryan Getzlaf             David Pastrnak           45     1   2  2  

4 vs 4 Defense
   Defense                  Defense                  Time % Phy DF OF 
 1 Brent Burns              Brandon Carlo            55     1   2  2  
 2 Ivan Provorov            Anton Stralman           45     1   2  2  

Last Minutes Offensive
   Center                   Left Wing                Right Wing               Defense                  Defense                  
   Jonathan Miller          Max Pacioretty           David Pastrnak           Brent Burns              Brandon Carlo            

Last Minutes Defensive
   Center                   Left Wing                Right Wing               Defense                  Defense                  
   Ryan Getzlaf             Jonathan Miller          David Pastrnak           Ivan Provorov            Anton Stralman           

Goaltenders
Starting : Anton Khudobin           
Backup : Tristan Jarry            

Extra Forwards
Normal : Mikael Backlund, Jonathan Miller, Max Pacioretty - PP : Jonathan Audy-Marchessault, Mikael Backlund - PK : David Pastrnak
Extra Defensemen
Normal : Ivan Provorov, Brent Burns, Brandon Carlo - PP : Brent Burns - PK : Anton Stralman, Ivan Provorov
Penalty Shots
Jonathan Miller, David Pastrnak, Max Pacioretty, Jonathan Audy-Marchessault, Mikael Backlund
Custom OT Lines Forwards
Jonathan Miller, Ryan Getzlaf, David Pastrnak, Max Pacioretty, Mikael Backlund, Derick Brassard, Jonathan Audy-Marchessault, Corey Perry, Matt Martin, Denis Malgin
Custom OT Lines Defensemen
Brent Burns, Brandon Carlo, Ivan Provorov, Anton Stralman, Marc-Edouard Vlasic

Scratches
None

SALEM BLACK JAYS

5 vs 5 Forward 
   Center                   Left Wing                Right Wing               Time % Phy DF OF 
 1 Mathew Barzal            Josh Leivo               Mitchell Marner          36     0   1  4  
 2 Dylan Larkin             Matthew Calvert          Mikko Rantanen           31     0   1  4  
 3 Casey Cizikas            Andreas Athanasiou       Martin Necas             23     0   2  3  
 4 Filip Chytil             Par Lindholm             Matthew Highmore         10     1   2  2  

5 vs 5 Defense 
   Defense                  Defense                                           Time % Phy DF OF 
 1 Michal Kempny            Scott Mayfield                                    36     0   4  1  
 2 Andy Greene              Nick Jensen                                       31     0   4  1  
 3 Cody Ceci                Travis Dermott                                    23     0   4  1  
 4 Scott Mayfield           Michal Kempny                                     10     0   3  2  

PowerPlay Forward 
   Center                   Left Wing                Right Wing               Time % Phy DF OF 
 1 Mathew Barzal            Josh Leivo               Mikko Rantanen           55     0   1  4  
 2 Dylan Larkin             Andreas Athanasiou       Mitchell Marner          45     0   1  4  

PowerPlay Defense
   Defense                  Defense                                           Time % Phy DF OF 
 1 Nick Jensen              Scott Mayfield                                    55     0   0  5  
 2 Travis Dermott           Michal Kempny                                     45     0   0  5  

Penalty Kill 4 Players Forward 
   Center                   Wing                     Time % Phy DF OF 
 1 Casey Cizikas            Matthew Highmore         55     1   3  1  
 2 Filip Chytil             Andreas Athanasiou       45     1   3  1  

Penalty Kill 4 Players Defense
   Defense                  Defense                  Time % Phy DF OF 
 1 Scott Mayfield           Michal Kempny            55     1   2  2  
 2 Cody Ceci                Travis Dermott           45     1   2  2  

Penalty Kill - 3 Players Forward 
   Forward                                           Time % Phy DF OF 
 1 Casey Cizikas                                     55     1   3  1  
 2 Filip Chytil                                      45     1   3  1  

Penalty Kill - 3 Players Defense
   Defense                  Defense                  Time % Phy DF OF 
 1 Scott Mayfield           Michal Kempny            55     1   2  2  
 2 Cody Ceci                Travis Dermott           45     1   2  2  

4 vs 4 Forward 
   Center                   Wing                     Time % Phy DF OF 
 1 Dylan Larkin             Mitchell Marner          55     1   2  2  
 2 Mathew Barzal            Mikko Rantanen           45     1   2  2  

4 vs 4 Defense
   Defense                  Defense                  Time % Phy DF OF 
 1 Scott Mayfield           Nick Jensen              55     1   2  2  
 2 Travis Dermott           Michal Kempny            45     1   2  2  

Last Minutes Offensive
   Center                   Left Wing                Right Wing               Defense                  Defense                  
   Mathew Barzal            Dylan Larkin             Mitchell Marner          Andy Greene              Michal Kempny            

Last Minutes Defensive
   Center                   Left Wing                Right Wing               Defense                  Defense                  
   Mathew Barzal            Dylan Larkin             Mitchell Marner          Andy Greene              Michal Kempny            

Goaltenders
Starting : Juuse Saros              
Backup : Elvis Merzlikins         

Extra Forwards
Normal : Casey Cizikas, Martin Necas, Filip Chytil - PP : Casey Cizikas, Filip Chytil - PK : Matthew Calvert
Extra Defensemen
Normal : Nick Jensen, Michal Kempny, Travis Dermott - PP : Nick Jensen - PK : Michal Kempny, Travis Dermott
Penalty Shots
Mikko Rantanen, Mitchell Marner, Mathew Barzal, Dylan Larkin, Josh Leivo
Custom OT Lines Forwards
Mathew Barzal, Dylan Larkin, Mitchell Marner, Mikko Rantanen, Josh Leivo, Matthew Calvert, Casey Cizikas, Martin Necas, Filip Chytil, Andreas Athanasiou
Custom OT Lines Defensemen
Travis Dermott, Michal Kempny, Scott Mayfield, Andy Greene, Nick Jensen

Scratches
Joshua Morrissey (Abdomen/Ribs Injury), Scott Harrington (Healthy)

% Time on Ice - REGINA FALCONS

Lines # - Real PCT - Wanted PCT - Time Play
Normal Forward
1 - 34% - 34% - 18:00
2 - 34% - 33% - 18:04
3 - 26% - 27% - 13:25
4 - 6% - 6% - 2:56
Normal Defense
1 - 34% - 35% - 18:02
2 - 33% - 33% - 17:28
3 - 27% - 26% - 14:09
4 - 5% - 6% - 2:46
PP Forward
1 - 53% - 55% - 1:03
2 - 47% - 45% - 0:56
PP Defense
1 - 53% - 55% - 1:03
2 - 47% - 45% - 0:56
PK Forward
1 - 60% - 55% - 3:22
2 - 40% - 45% - 2:14
PK Defense
1 - 52% - 55% - 2:54
2 - 48% - 45% - 2:42
PK3 Forward
1 - 0% - 55%
2 - 0% - 45%
PK3 Defense
1 - 0% - 55%
2 - 0% - 45%
44 Forward
1 - 0% - 55%
2 - 0% - 45%
44 Defense
1 - 0% - 55%
2 - 0% - 45%
Last Minute Offensive  - 0:00
Last Minute Defensive  - 0:00
Total
Forward - 60:00
Defense - 60:00

% Time on Ice - SALEM BLACK JAYS

Lines # - Real PCT - Wanted PCT - Time Play
Normal Forward
1 - 35% - 36% - 18:23
2 - 30% - 31% - 15:54
3 - 24% - 23% - 12:25
4 - 11% - 10% - 5:43
Normal Defense
1 - 34% - 36% - 17:54
2 - 32% - 31% - 16:43
3 - 29% - 23% - 14:58
4 - 5% - 10% - 2:50
PP Forward
1 - 58% - 55% - 3:14
2 - 42% - 45% - 2:22
PP Defense
1 - 55% - 55% - 3:04
2 - 45% - 45% - 2:32
PK Forward
1 - 76% - 55% - 1:31
2 - 24% - 45% - 0:28
PK Defense
1 - 24% - 55% - 0:28
2 - 76% - 45% - 1:31
PK3 Forward
1 - 0% - 55%
2 - 0% - 45%
PK3 Defense
1 - 0% - 55%
2 - 0% - 45%
44 Forward
1 - 0% - 55%
2 - 0% - 45%
44 Defense
1 - 0% - 55%
2 - 0% - 45%
Last Minute Offensive  - 0:00
Last Minute Defensive  - 0:00
Total
Forward - 60:00
Defense - 60:00

Play-by-Play

1st period


0:01 of 1st period - Mikael Backlund wins face-off versus Mathew Barzal in neutral zone.
1:20 of 1st period - Shot by Mikko Rantanen.
1:20 of 1st period - Deflect By Dylan Larkin.
1:20 of 1st period - Stopped by Anton Khudobin with a rebound.
1:22 of 1st period - Shot by Andy Greene.
1:22 of 1st period - Stopped by Anton Khudobin with a rebound.
1:24 of 1st period - Shot by Nick Jensen.
1:24 of 1st period - Shot Misses the Net.
1:26 of 1st period - Shot by Dylan Larkin.
1:26 of 1st period - Shot Misses the Net.
1:54 of 1st period - Ryan Getzlaf is hit by Nick Jensen and loses puck.
2:30 of 1st period - Shot by Martin Necas.
2:30 of 1st period - Stopped by Anton Khudobin without a rebound.
2:31 of 1st period - Derick Brassard wins face-off versus Filip Chytil in REGINA FALCONS zone.
2:31 of 1st period - Derick Brassard is hit by Par Lindholm.
2:36 of 1st period - Denis Malgin is hit by Michal Kempny and loses puck.
2:51 of 1st period - Shot by Par Lindholm.
2:51 of 1st period - Stopped by Anton Khudobin without a rebound.
2:52 of 1st period - Christoffer Ehn wins face-off versus Casey Cizikas in REGINA FALCONS zone.
4:26 of 1st period - Mitchell Marner is hit by Anton Stralman and loses puck.
4:46 of 1st period - Mikko Rantanen is hit by Ivan Provorov and loses puck.
4:49 of 1st period - Shot by Matthew Calvert.
4:49 of 1st period - Shot Misses the Net.
4:53 of 1st period - Shot by Dylan Larkin.
4:53 of 1st period - Stopped by Anton Khudobin without a rebound.
4:54 of 1st period - Mikael Backlund wins face-off versus Filip Chytil in REGINA FALCONS zone.
5:06 of 1st period - Shot by David Pastrnak.
5:06 of 1st period - Stopped by Juuse Saros without a rebound.
5:07 of 1st period - Dylan Larkin wins face-off versus Derick Brassard in SALEM BLACK JAYS zone.
5:18 of 1st period - Shot by Corey Perry.
5:18 of 1st period - Deflect By Derick Brassard.
5:18 of 1st period - Shot Misses the Net.
5:21 of 1st period - Icing by Matthew Calvert.
5:22 of 1st period - Mikael Backlund wins face-off versus Dylan Larkin in SALEM BLACK JAYS zone.
6:12 of 1st period - Icing by Travis Dermott.
6:13 of 1st period - Derick Brassard wins face-off versus Dylan Larkin in SALEM BLACK JAYS zone.
6:29 of 1st period - Off-side.
6:30 of 1st period - Ryan Getzlaf wins face-off versus Mathew Barzal in neutral zone.
6:46 of 1st period - Icing by Ivan Provorov.
6:47 of 1st period - Ryan Getzlaf wins face-off versus Casey Cizikas in REGINA FALCONS zone.
7:21 of 1st period - Shot by Max Pacioretty.
7:21 of 1st period - Shot Misses the Net.
7:44 of 1st period - Minor Penalty to Corey Perry for Holding.
7:45 of 1st period - Ryan Getzlaf wins face-off versus Mathew Barzal in REGINA FALCONS zone.
8:26 of 1st period - Shot by Mikko Rantanen.
8:26 of 1st period - Shot Misses the Net.
8:38 of 1st period - Shot by Ryan Getzlaf.
8:38 of 1st period - Stopped by Juuse Saros without a rebound.
8:39 of 1st period - Dylan Larkin wins face-off versus Ryan Getzlaf in SALEM BLACK JAYS zone.
8:52 of 1st period - Shot by Dylan Larkin.
8:52 of 1st period - Shot Misses the Net.
8:54 of 1st period - Shot by Scott Mayfield.
8:54 of 1st period - Stopped by Anton Khudobin with a rebound.
8:56 of 1st period - Shot by Dylan Larkin.
8:56 of 1st period - Stopped by Anton Khudobin without a rebound.
8:57 of 1st period - Dylan Larkin wins face-off versus Ryan Getzlaf in REGINA FALCONS zone.
9:19 of 1st period - Shot by Mitchell Marner.
9:19 of 1st period - Stopped by Anton Khudobin with a rebound.
9:21 of 1st period - Shot by Dylan Larkin.
9:21 of 1st period - Shot Misses the Net.
9:23 of 1st period - Shot by Mitchell Marner.
9:23 of 1st period - Shot Misses the Net.
9:25 of 1st period - Shot by Dylan Larkin.
9:25 of 1st period - Shot Misses the Net.
9:27 of 1st period - Shot by Mitchell Marner.
9:27 of 1st period - Shot Misses the Net.
9:55 of 1st period - Shot by David Pastrnak.
9:55 of 1st period - Stopped by Juuse Saros without a rebound.
9:56 of 1st period - Filip Chytil wins face-off versus Christoffer Ehn in SALEM BLACK JAYS zone.
10:25 of 1st period - Shot by Matt Martin.
10:25 of 1st period - Stopped by Juuse Saros without a rebound.
10:26 of 1st period - Mikael Backlund wins face-off versus Mathew Barzal in SALEM BLACK JAYS zone.
10:31 of 1st period - Shot by David Pastrnak.
10:31 of 1st period - Deflect By Jonathan Miller.
10:31 of 1st period - Shot Blocked by Mathew Barzal.
10:39 of 1st period - Shot by Jonathan Miller.
10:39 of 1st period - Deflect By David Pastrnak.
10:39 of 1st period - Stopped by Juuse Saros without a rebound.
10:40 of 1st period - Mikael Backlund wins face-off versus Mikko Rantanen in SALEM BLACK JAYS zone.
10:49 of 1st period - Shot by Jonathan Miller.
10:49 of 1st period - Shot Misses the Net.
10:57 of 1st period - Shot by Jonathan Miller.
10:57 of 1st period - Stopped by Juuse Saros without a rebound.
10:58 of 1st period - Mathew Barzal wins face-off versus Corey Perry in SALEM BLACK JAYS zone.
13:13 of 1st period - Shot by Max Pacioretty.
13:13 of 1st period - Stopped by Juuse Saros with a rebound.
13:15 of 1st period - Shot by Max Pacioretty.
13:15 of 1st period - Shot Blocked by Scott Mayfield.
15:05 of 1st period - Icing by Michal Kempny.
15:06 of 1st period - Dylan Larkin wins face-off versus Ryan Getzlaf in SALEM BLACK JAYS zone.
15:17 of 1st period - Shot by Max Pacioretty.
15:17 of 1st period - Shot Blocked by Scott Mayfield.
15:19 of 1st period - Shot by Ivan Provorov.
15:19 of 1st period - Shot Misses the Net.
15:21 of 1st period - Shot by Ryan Getzlaf.
15:21 of 1st period - Stopped by Juuse Saros without a rebound.
15:22 of 1st period - Mathew Barzal wins face-off versus Derick Brassard in SALEM BLACK JAYS zone.
15:28 of 1st period - Off-side.
15:29 of 1st period - Derick Brassard wins face-off versus Mathew Barzal in neutral zone.
15:31 of 1st period - Off-side.
15:32 of 1st period - Derick Brassard wins face-off versus Mathew Barzal in neutral zone.
15:43 of 1st period - Shot by Denis Malgin.
15:43 of 1st period - Deflect By Corey Perry.
15:43 of 1st period - Stopped by Juuse Saros without a rebound.
15:44 of 1st period - Ryan Getzlaf wins face-off versus Casey Cizikas in SALEM BLACK JAYS zone.
15:55 of 1st period - Casey Cizikas is hit by Brandon Carlo and loses puck.
16:34 of 1st period - Jonathan Audy-Marchessault is hit by Nick Jensen and loses puck.
16:45 of 1st period - Mitchell Marner is hit by Denis Malgin.
16:46 of 1st period - Icing by Mitchell Marner.
16:47 of 1st period - Derick Brassard wins face-off versus Mathew Barzal in SALEM BLACK JAYS zone.
17:15 of 1st period - Mitchell Marner is hit by Brenden Dillon and loses puck.
17:50 of 1st period - Shot by Filip Chytil.
17:50 of 1st period - Shot Hit the Post.
17:52 of 1st period - Shot by Filip Chytil.
17:52 of 1st period - Shot Blocked by Marc-Edouard Vlasic.
17:56 of 1st period - Shot by Filip Chytil.
17:56 of 1st period - Stopped by Anton Khudobin without a rebound.
17:57 of 1st period - Mikael Backlund wins face-off versus Casey Cizikas in REGINA FALCONS zone.
17:57 of 1st period - Mikael Backlund is hit by Casey Cizikas.
18:13 of 1st period - Shot by David Pastrnak.
18:13 of 1st period - Stopped by Juuse Saros without a rebound.
18:14 of 1st period - Ryan Getzlaf wins face-off versus Mathew Barzal in SALEM BLACK JAYS zone.
19:27 of 1st period - Shot by David Pastrnak.
19:27 of 1st period - Stopped by Juuse Saros with a rebound.
19:33 of 1st period - David Pastrnak is hit by Casey Cizikas and loses puck.
Goals for this period are 0 for REGINA FALCONS vs 0 for SALEM BLACK JAYS.
Shots for this period are 11 for REGINA FALCONS vs 9 for SALEM BLACK JAYS.

2nd period


0:01 of 2nd period - Mathew Barzal wins face-off versus Derick Brassard in neutral zone.
0:18 of 2nd period - Denis Malgin is hit by Josh Leivo and loses puck.
0:25 of 2nd period - Shot by Mitchell Marner.
0:25 of 2nd period - Stopped by Anton Khudobin with a rebound.
2:03 of 2nd period - Shot by Ryan Getzlaf.
2:03 of 2nd period - Shot Misses the Net.
3:40 of 2nd period - Icing by Brandon Carlo.
3:41 of 2nd period - Dylan Larkin wins face-off versus Mikael Backlund in REGINA FALCONS zone.
3:51 of 2nd period - Matthew Calvert is hit by Brandon Carlo and loses puck.
5:33 of 2nd period - Shot by Andreas Athanasiou.
5:33 of 2nd period - Shot Misses the Net.
5:55 of 2nd period - Shot by Mikko Rantanen.
5:55 of 2nd period - Stopped by Anton Khudobin with a rebound.
6:01 of 2nd period - Shot by Dylan Larkin.
6:01 of 2nd period - Stopped by Anton Khudobin without a rebound.
6:02 of 2nd period - Filip Chytil wins face-off versus Mikael Backlund in REGINA FALCONS zone.
6:16 of 2nd period - Off-side.
6:17 of 2nd period - Derick Brassard wins face-off versus Dylan Larkin in neutral zone.
6:38 of 2nd period - Shot by Dylan Larkin.
6:38 of 2nd period - Stopped by Anton Khudobin without a rebound.
6:39 of 2nd period - Mikael Backlund wins face-off versus Mathew Barzal in REGINA FALCONS zone.
7:24 of 2nd period - Shot by David Pastrnak.
7:24 of 2nd period - Shot Misses the Net.
7:54 of 2nd period - Shot by Casey Cizikas.
7:54 of 2nd period - Deflect By Martin Necas.
7:54 of 2nd period - Shot Blocked by Brenden Dillon.
8:45 of 2nd period - Shot by Mikko Rantanen.
8:45 of 2nd period - Stopped by Anton Khudobin without a rebound.
8:46 of 2nd period - Mikael Backlund wins face-off versus Filip Chytil in REGINA FALCONS zone.
8:46 of 2nd period - Mikael Backlund is hit by Matthew Highmore.
9:00 of 2nd period - Shot by Jonathan Miller.
9:00 of 2nd period - Stopped by Juuse Saros with a rebound.
9:02 of 2nd period - Shot by Jonathan Miller.
9:02 of 2nd period - Deflect By David Pastrnak.
9:02 of 2nd period - Shot Blocked by Andy Greene.
9:04 of 2nd period - Shot by Jonathan Miller.
9:04 of 2nd period - Shot Blocked by Nick Jensen.
10:04 of 2nd period - Shot by Mikko Rantanen.
10:04 of 2nd period - Stopped by Anton Khudobin without a rebound.
10:05 of 2nd period - Derick Brassard wins face-off versus Mathew Barzal in REGINA FALCONS zone.
10:26 of 2nd period - Shot by Denis Malgin.
10:26 of 2nd period - Stopped by Juuse Saros without a rebound.
10:27 of 2nd period - Ryan Getzlaf wins face-off versus Mikko Rantanen in SALEM BLACK JAYS zone.
10:30 of 2nd period - Shot by Max Pacioretty.
10:30 of 2nd period - Stopped by Juuse Saros without a rebound.
10:31 of 2nd period - Dylan Larkin wins face-off versus Ryan Getzlaf in SALEM BLACK JAYS zone.
10:38 of 2nd period - Shot by Matthew Calvert.
10:38 of 2nd period - Shot Misses the Net.
10:40 of 2nd period - Shot by Travis Dermott.
10:40 of 2nd period - Shot Misses the Net.
10:48 of 2nd period - Shot by Dylan Larkin.
10:48 of 2nd period - Shot Blocked by Ivan Provorov.
10:50 of 2nd period - Shot by Dylan Larkin.
10:50 of 2nd period - Deflect By Mikko Rantanen.
10:50 of 2nd period - Stopped by Anton Khudobin without a rebound.
10:51 of 2nd period - Derick Brassard wins face-off versus Mathew Barzal in REGINA FALCONS zone.
11:01 of 2nd period - Mathew Barzal is hit by Brenden Dillon and loses puck.
11:10 of 2nd period - Corey Perry is hit by Mitchell Marner and loses puck.
11:26 of 2nd period - Mathew Barzal is hit by Brenden Dillon.
12:27 of 2nd period - Shot by Jonathan Miller.
12:27 of 2nd period - Stopped by Juuse Saros without a rebound.
12:28 of 2nd period - Dylan Larkin wins face-off versus Jonathan Audy-Marchessault in SALEM BLACK JAYS zone.
12:39 of 2nd period - Shot by Mikko Rantanen.
12:39 of 2nd period - Stopped by Anton Khudobin with a rebound.
12:43 of 2nd period - Shot by Mikko Rantanen.
12:43 of 2nd period - Goal by Mikko Rantanen - REGINA FALCONS : 0 - SALEM BLACK JAYS : 1.
12:44 of 2nd period - Filip Chytil wins face-off versus Mikael Backlund in neutral zone.
12:55 of 2nd period - Shot by Matthew Highmore.
12:55 of 2nd period - Shot Misses the Net.
13:04 of 2nd period - Icing by Brandon Carlo.
13:05 of 2nd period - Mikael Backlund wins face-off versus Mathew Barzal in REGINA FALCONS zone.
13:32 of 2nd period - Shot by David Pastrnak.
13:32 of 2nd period - Shot Misses the Net.
13:34 of 2nd period - Shot by David Pastrnak.
13:34 of 2nd period - Stopped by Juuse Saros without a rebound.
13:35 of 2nd period - Dylan Larkin wins face-off versus Ryan Getzlaf in SALEM BLACK JAYS zone.
13:40 of 2nd period - Michal Kempny is hit by Ryan Getzlaf and loses puck.
14:13 of 2nd period - Shot by Jonathan Audy-Marchessault.
14:13 of 2nd period - Shot Blocked by Dylan Larkin.
14:15 of 2nd period - Shot by Ivan Provorov.
14:15 of 2nd period - Stopped by Juuse Saros with a rebound.
14:42 of 2nd period - Shot by Derick Brassard.
14:42 of 2nd period - Shot Misses the Net.
14:44 of 2nd period - Shot by Brenden Dillon.
14:44 of 2nd period - Stopped by Juuse Saros without a rebound.
14:45 of 2nd period - Mikael Backlund wins face-off versus Mathew Barzal in SALEM BLACK JAYS zone.
15:12 of 2nd period - Shot by Mitchell Marner.
15:12 of 2nd period - Shot Misses the Net.
15:14 of 2nd period - Shot by Mathew Barzal.
15:14 of 2nd period - Stopped by Anton Khudobin with a rebound.
15:27 of 2nd period - Off-side.
15:28 of 2nd period - Derick Brassard wins face-off versus Andreas Athanasiou in neutral zone.
15:48 of 2nd period - Icing by Travis Dermott.
15:49 of 2nd period - Ryan Getzlaf wins face-off versus Casey Cizikas in SALEM BLACK JAYS zone.
16:14 of 2nd period - Martin Necas is hit by Ryan Getzlaf and loses puck.
16:46 of 2nd period - Icing by Cody Ceci.
16:47 of 2nd period - Derick Brassard wins face-off versus Casey Cizikas in SALEM BLACK JAYS zone.
17:04 of 2nd period - Shot by Mathew Barzal.
17:04 of 2nd period - Goal by Mathew Barzal - REGINA FALCONS : 0 - SALEM BLACK JAYS : 2.
17:05 of 2nd period - Mikael Backlund wins face-off versus Mathew Barzal in neutral zone.
17:21 of 2nd period - Icing by Brent Burns.
17:22 of 2nd period - Dylan Larkin wins face-off versus Mikael Backlund in REGINA FALCONS zone.
17:23 of 2nd period - Shot by Mikko Rantanen.
17:23 of 2nd period - Shot Misses the Net.
17:37 of 2nd period - Shot by Jonathan Miller.
17:37 of 2nd period - Shot Blocked by Dylan Larkin.
17:45 of 2nd period - Shot by Jonathan Miller.
17:45 of 2nd period - Shot Misses the Net.
17:47 of 2nd period - Shot by Brandon Carlo.
17:47 of 2nd period - Shot Blocked by Dylan Larkin.
17:49 of 2nd period - Shot by David Pastrnak.
17:49 of 2nd period - Deflect By Jonathan Miller.
17:49 of 2nd period - Stopped by Juuse Saros without a rebound.
17:50 of 2nd period - Derick Brassard wins face-off versus Mathew Barzal in SALEM BLACK JAYS zone.
18:16 of 2nd period - Mathew Barzal is hit by Brenden Dillon.
18:28 of 2nd period - Shot by Marc-Edouard Vlasic.
18:28 of 2nd period - Goal by Marc-Edouard Vlasic - REGINA FALCONS : 1 - SALEM BLACK JAYS : 2.
18:29 of 2nd period - Ryan Getzlaf wins face-off versus Dylan Larkin in neutral zone.
18:40 of 2nd period - Ivan Provorov is hit by Matthew Calvert and loses puck.
18:49 of 2nd period - Shot by Dylan Larkin.
18:49 of 2nd period - Stopped by Anton Khudobin without a rebound.
18:50 of 2nd period - Casey Cizikas wins face-off versus Jonathan Miller in REGINA FALCONS zone.
19:19 of 2nd period - David Pastrnak is hit by Travis Dermott.
19:23 of 2nd period - Shot by David Pastrnak.
19:23 of 2nd period - Stopped by Juuse Saros without a rebound.
19:24 of 2nd period - Derick Brassard wins face-off versus Mathew Barzal in SALEM BLACK JAYS zone.
19:46 of 2nd period - Off-side.
19:47 of 2nd period - Ryan Getzlaf wins face-off versus Matthew Calvert in neutral zone.
Goals for this period are 1 for REGINA FALCONS vs 2 for SALEM BLACK JAYS.
Shots for this period are 10 for REGINA FALCONS vs 12 for SALEM BLACK JAYS.

3rd period


0:01 of 3rd period - Derick Brassard wins face-off versus Mathew Barzal in neutral zone.
0:07 of 3rd period - Icing by Josh Leivo.
0:08 of 3rd period - Max Pacioretty wins face-off versus Mathew Barzal in SALEM BLACK JAYS zone.
0:11 of 3rd period - Shot by Jonathan Audy-Marchessault.
0:11 of 3rd period - Stopped by Juuse Saros without a rebound.
0:12 of 3rd period - Derick Brassard wins face-off versus Mathew Barzal in SALEM BLACK JAYS zone.
0:17 of 3rd period - Shot by Derick Brassard.
0:17 of 3rd period - Stopped by Juuse Saros without a rebound.
0:18 of 3rd period - Derick Brassard wins face-off versus Mathew Barzal in SALEM BLACK JAYS zone.
0:58 of 3rd period - Icing by Ivan Provorov.
0:59 of 3rd period - Mikko Rantanen wins face-off versus Derick Brassard in REGINA FALCONS zone.
1:12 of 3rd period - Shot by Mikko Rantanen.
1:12 of 3rd period - Shot Misses the Net.
1:30 of 3rd period - Shot by Max Pacioretty.
1:30 of 3rd period - Stopped by Juuse Saros with a rebound.
1:52 of 3rd period - Shot by Jonathan Audy-Marchessault.
1:52 of 3rd period - Stopped by Juuse Saros with a rebound.
1:56 of 3rd period - Shot by Jonathan Audy-Marchessault.
1:56 of 3rd period - Shot Blocked by Andy Greene.
2:06 of 3rd period - Shot by Max Pacioretty.
2:06 of 3rd period - Shot Misses the Net.
2:08 of 3rd period - Shot by Max Pacioretty.
2:08 of 3rd period - Stopped by Juuse Saros without a rebound.
2:09 of 3rd period - Mathew Barzal wins face-off versus Mikael Backlund in SALEM BLACK JAYS zone.
2:25 of 3rd period - Shot by Mitchell Marner.
2:25 of 3rd period - Stopped by Anton Khudobin with a rebound.
2:27 of 3rd period - Shot by Mathew Barzal.
2:27 of 3rd period - Shot Misses the Net.
3:38 of 3rd period - Shot by Ivan Provorov.
3:38 of 3rd period - Stopped by Juuse Saros without a rebound.
3:39 of 3rd period - Ryan Getzlaf wins face-off versus Filip Chytil in SALEM BLACK JAYS zone.
3:47 of 3rd period - Minor Penalty to Marc-Edouard Vlasic for Slashing.
3:48 of 3rd period - Ryan Getzlaf wins face-off versus Mathew Barzal in REGINA FALCONS zone.
4:11 of 3rd period - Shot by Josh Leivo.
4:11 of 3rd period - Stopped by Anton Khudobin without a rebound.
4:12 of 3rd period - Dylan Larkin wins face-off versus Ryan Getzlaf in REGINA FALCONS zone.
4:41 of 3rd period - Shot by Dylan Larkin.
4:41 of 3rd period - Stopped by Anton Khudobin without a rebound.
4:42 of 3rd period - Mikael Backlund wins face-off versus Mathew Barzal in REGINA FALCONS zone.
4:42 of 3rd period - Mikael Backlund is hit by Mikko Rantanen.
5:43 of 3rd period - Off-side.
5:44 of 3rd period - Ryan Getzlaf wins face-off versus Dylan Larkin in neutral zone.
6:32 of 3rd period - Icing by Brandon Carlo.
6:33 of 3rd period - Dylan Larkin wins face-off versus Jonathan Audy-Marchessault in REGINA FALCONS zone.
6:35 of 3rd period - Mikko Rantanen is hit by Brandon Carlo and loses puck.
6:43 of 3rd period - Icing by Brandon Carlo.
6:44 of 3rd period - Ryan Getzlaf wins face-off versus Mathew Barzal in REGINA FALCONS zone.
6:59 of 3rd period - Shot by Mitchell Marner.
6:59 of 3rd period - Stopped by Anton Khudobin with a rebound.
7:07 of 3rd period - Shot by Mitchell Marner.
7:07 of 3rd period - Shot Blocked by Max Pacioretty.
7:09 of 3rd period - Shot by Andy Greene.
7:09 of 3rd period - Shot Misses the Net.
7:53 of 3rd period - Shot by Matthew Calvert.
7:53 of 3rd period - Shot Misses the Net.
8:37 of 3rd period - Mikael Backlund is hit by Casey Cizikas and loses puck.
8:55 of 3rd period - David Pastrnak is hit by Casey Cizikas and loses puck.
9:01 of 3rd period - Andreas Athanasiou is hit by Brenden Dillon and loses puck.
9:20 of 3rd period - Icing by Jonathan Miller.
9:21 of 3rd period - Filip Chytil wins face-off versus Mikael Backlund in REGINA FALCONS zone.
9:23 of 3rd period - Matthew Highmore is hit by Brenden Dillon and loses puck.
9:39 of 3rd period - Minor Penalty to Corey Perry for Interference.
9:40 of 3rd period - Mathew Barzal wins face-off versus Ryan Getzlaf in REGINA FALCONS zone.
9:58 of 3rd period - Shot by Josh Leivo.
9:58 of 3rd period - Goal by Josh Leivo - REGINA FALCONS : 1 - SALEM BLACK JAYS : 3.
9:59 of 3rd period - Christoffer Ehn wins face-off versus Filip Chytil in neutral zone.
10:05 of 3rd period - Off-side.
10:06 of 3rd period - Ryan Getzlaf wins face-off versus Mitchell Marner in neutral zone.
11:20 of 3rd period - Dylan Larkin is hit by Brandon Carlo and loses puck.
11:26 of 3rd period - Mikko Rantanen is hit by Brandon Carlo and loses puck.
12:27 of 3rd period - Icing by Cody Ceci.
12:28 of 3rd period - Casey Cizikas wins face-off versus Max Pacioretty in SALEM BLACK JAYS zone.
12:28 of 3rd period - Casey Cizikas is hit by Max Pacioretty.
13:12 of 3rd period - Shot by Mitchell Marner.
13:12 of 3rd period - Stopped by Anton Khudobin without a rebound.
13:13 of 3rd period - Dylan Larkin wins face-off versus Mikael Backlund in REGINA FALCONS zone.
13:44 of 3rd period - Shot by David Pastrnak.
13:44 of 3rd period - Deflect By Jonathan Miller.
13:44 of 3rd period - Stopped by Juuse Saros without a rebound.
13:45 of 3rd period - Derick Brassard wins face-off versus Mathew Barzal in SALEM BLACK JAYS zone.
13:56 of 3rd period - Shot by Mitchell Marner.
13:56 of 3rd period - Stopped by Anton Khudobin without a rebound.
13:57 of 3rd period - Ryan Getzlaf wins face-off versus Filip Chytil in REGINA FALCONS zone.
14:26 of 3rd period - Minor Penalty to Scott Mayfield for Unsportsmanlike conduct.
14:27 of 3rd period - Matthew Highmore wins face-off versus David Pastrnak in SALEM BLACK JAYS zone.
16:24 of 3rd period - Max Pacioretty is hit by Travis Dermott and loses puck.
16:34 of 3rd period - Shot by Denis Malgin.
16:34 of 3rd period - Shot Misses the Net.
16:36 of 3rd period - Shot by Derick Brassard.
16:36 of 3rd period - Shot Misses the Net.
17:01 of 3rd period - Icing by Andy Greene.
17:02 of 3rd period - Mikael Backlund wins face-off versus Mathew Barzal in SALEM BLACK JAYS zone.
17:07 of 3rd period - Shot by Jonathan Miller.
17:07 of 3rd period - Shot Misses the Net.
17:09 of 3rd period - Shot by Brandon Carlo.
17:09 of 3rd period - Shot Hit the Post.
17:11 of 3rd period - Shot by Brandon Carlo.
17:11 of 3rd period - Shot Misses the Net.
17:13 of 3rd period - Shot by Brent Burns.
17:13 of 3rd period - Shot Misses the Net.
17:15 of 3rd period - Shot by Jonathan Miller.
17:15 of 3rd period - Shot Misses the Net.
17:17 of 3rd period - Shot by Mikael Backlund.
17:17 of 3rd period - Shot Misses the Net.
17:23 of 3rd period - Shot by Mikael Backlund.
17:23 of 3rd period - Stopped by Juuse Saros without a rebound.
17:24 of 3rd period - Dylan Larkin wins face-off versus Christoffer Ehn in SALEM BLACK JAYS zone.
17:29 of 3rd period - Shot by Matthew Calvert.
17:29 of 3rd period - Shot Blocked by Ivan Provorov.
17:43 of 3rd period - Shot by Ivan Provorov.
17:43 of 3rd period - Deflect By Derick Brassard.
17:43 of 3rd period - Stopped by Juuse Saros without a rebound.
17:44 of 3rd period - Ryan Getzlaf wins face-off versus Casey Cizikas in SALEM BLACK JAYS zone.
18:12 of 3rd period - Shot by Ryan Getzlaf.
18:12 of 3rd period - Stopped by Juuse Saros without a rebound.
18:13 of 3rd period - Dylan Larkin wins face-off versus Derick Brassard in SALEM BLACK JAYS zone.
18:30 of 3rd period - Shot by Matthew Calvert.
18:30 of 3rd period - Shot Misses the Net.
18:39 of 3rd period - Mikko Rantanen is hit by Ivan Provorov and loses puck.
18:40 of 3rd period - Minor Penalty to Anton Stralman for Cross-checking.
18:41 of 3rd period - Ryan Getzlaf wins face-off versus Mathew Barzal in REGINA FALCONS zone.
19:56 of 3rd period - Shot by Dylan Larkin.
19:56 of 3rd period - Deflect By Andreas Athanasiou.
19:56 of 3rd period - Shot Misses the Net.
Goals for this period are 0 for REGINA FALCONS vs 1 for SALEM BLACK JAYS.
Shots for this period are 10 for REGINA FALCONS vs 7 for SALEM BLACK JAYS.


DARCY
KUEMPER
JAKE
OETTINGER
NINO
NIEDERREITER

EAST COAST

HOCKEY LEAGUE

  • 1.CHI2QUE4
  • 2.LIM2CHA3
  • 3.LON3TRV5
  • 4.BAL5CHW6
  • 5.MANPIT
  • 6.NHWATL
  • 7.PETWOR
  • 8.RHI